 Dungeon Crawl Stone Soup version 0.31.0-11-ge490571c62 (webtiles) character file.

Game seed: 4996648069559058989

1431 qw the Skirmisher (level 8, -4/46 HPs)
             Began as a Deep Elf Hunter on Feb 3, 2024.
             Was an Initiate of Okawaru.
             Slain by a gnoll
             ... wielding a +0 whip
             ... led by a gnoll bouda
              (7 damage)
             ... on level 6 of the Dungeon.
             The game lasted 00:00:14 (3425 turns).

qw the Skirmisher (Deep Elf Hunter)                 Turns: 3425, Time: 00:00:15

Health: -4/46      AC:  5    Str: 10    XL:     8   Next: 45%
Magic:  10/10      EV: 12    Int: 15    God:    Okawaru [......]
Gold:   262        SH:  0    Dex: 18    Spells: 7/7 levels left

rFire   . . .        c - +1 arbalest (heavy)
rCold   . . .        (shield currently unavailable)
rNeg    . . .        e - +0 ring mail
rPois   .            (no helmet)
rElec   .            (no cloak)
rCorr   +            (no gloves)
SInv    +            (no boots)
Will    .....        (no amulet)
Stlth   +            k - ring of resist corrosion
HPRegen 0.27/turn    n - ring of see invisible
MPRegen 0.12/turn

%: no passive effects
@: no status effects
A: no striking features
a: Renounce Religion


You were on level 6 of the Dungeon.
You worshipped Okawaru.
Okawaru was noncommittal.
You visited 2 branches of the dungeon, and saw 9 of its levels.

You collected 262 gold pieces.


   Skills:
 - Level 3.0 Fighting
 + Level 12.8 Ranged Weapons
 - Level 2.1 Armour
 - Level 4.1 Dodging
 - Level 1.2 Stealth


You had 7 spell levels left.
You didn't know any spells.
Your spell library was empty.

Inventory:

Hand Weapons
 c - a +1 heavy arbalest (weapon)
Armour
 e - a +0 ring mail (worn)
Jewellery
 g - a ring of ice
 k - a ring of resist corrosion (left hand)
 n - a ring of see invisible (right hand)
Potions
 b - a potion of mutation {unknown}
 d - a potion of enlightenment
 f - 2 potions of curing
 h - a potion of invisibility {unknown}
 i - a potion of cancellation
 j - a potion of might

Dungeon Overview and Level Annotations

Branches:
Dungeon (8/15)             Temple (1/1) D:5
   Lair: D:8-11

Altars:
Ashenzari
Cheibriados
Dithmenos
Elyvilon
Fedhas
Kikubaaqudgha
Makhleb
Nemelex Xobeh
Okawaru
Qazlal
Trog
Vehumet
Xom
Zin
The Shining One

Annotations:
D:4 2 transporters, qw's ghost, amateur DEHu


Message History

3408 ||| IDENTIFYING fizzy emerald potion
As you read the scroll of identify, it crumbles to dust.
a - a potion of berserk rage
3409 ||| DROPPING potion of berserk rage.
You drop a potion of berserk rage.
What level of the Dungeon? (default 7, ? - help)
There is a stone staircase leading up here.
You climb upwards.
There is a stone staircase leading down here.
There are monsters nearby!
Waypoint 8 assigned to D:6.
You shoot a bolt. The bolt hits the gnoll.
The gnoll shouts!
The gnoll is moderately wounded.
The gnoll shouts!
The gnoll hits you with a +0 whip. The gnoll hits you with a +0 whip! x2
The gnoll bouda barks out a call to the hunt!
The gnolls pick up the pace!
3420 ||| RETREEEEATING.
The gnoll hits you with a +0 whip.
The gnoll bouda gazes fiercely through you!
You feel your attacks grow feeble.
3421 ||| RETREEEEATING.
You shoot a bolt.
The bolt hits the gnoll but does no damage.
The gnoll is moderately wounded.
The gnoll throws a throwing net.
The throwing net barely misses you.
You shoot a bolt. The bolt completely misses the gnoll.
Your attacks no longer feel as feeble.
The gnoll bouda hits you but does no damage.
The gnoll barely misses you. The gnoll hits you with a +0 whip.
The gnoll barely misses you. The gnoll hits you with a +0 whip.
The gnoll bouda barely misses you. The gnoll hits you with a +0 whip.
You shoot a bolt. The bolt hits the gnoll.
The gnoll is moderately wounded.
The gnoll barely misses you. x2; The gnoll bouda barely misses you.
The gnoll hits you with a +0 whip! The gnoll barely misses you.
The gnoll closely misses you. x2; The gnoll bouda barely misses you.
You shoot a bolt. The bolt closely misses the gnoll.
The gnoll closely misses you. The gnoll hits you with a +0 whip!
You die...

### ..#
###.#
##.#.#
####....#
+.......#
#ggg.#
##@#>#####
#.ggg....#
#.##.###.#
#. #.# #.
#.# #. #.#
#. #.# #.
#.# .#


You could see a gnoll bouda and 5 gnolls.

Vanquished Creatures
  A wyvern (D:5)
  A steam dragon (D:7)
  Menkaure (D:4)
  Duvessa (D:4)
  A sky beast (D:7)
  An ogre (D:4)
  A bullfrog (D:4)
  2 scorpions
  Dowan (D:4)
  2 bombardier beetles
  A hound (D:5)
  An orc priest (D:4)
  2 gnoll boudas
  Jessica (D:2)
  Ijyb (D:5)
  Natasha (thrice) (D:3)
  6 gnolls
  5 adders
  2 ribbon worms
  4 dart slugs
  8 orcs
  5 ball pythons
  11 bats
  8 endoplasms
  5 giant cockroaches
  6 goblins
  5 hobgoblins
  2 jackals (D:4)
  9 kobolds
  2 quokkas
  5 frilled lizards
  9 rats
113 creatures vanquished.

Notes
Turn   | Place    | Note
-------+----------+-------------------------------------------
     0 | D:1      | qw the Deep Elf Hunter began the quest for the Orb.
     0 | D:1      | Reached XP level 1. HP: 12/12 MP: 3/3
     0 | D:1      | 0 ||| qw: Version: 0.3-a-157-g843a77d
     0 | D:1      | 0 ||| qw: Game counter: 3645
     0 | D:1      | 0 ||| qw: Melee chars always use a shield: true
     0 | D:1      | 0 ||| qw: God list: Okawaru
     0 | D:1      | 0 ||| qw: Allow faded altars: false
     0 | D:1      | 0 ||| qw: Do Orc after clearing Dungeon:15 true
     0 | D:1      | 0 ||| qw: Do second Lair branch before Depths: true
     0 | D:1      | 0 ||| qw: Lair rune preference: random
     0 | D:1      | 0 ||| qw: Goals: Normal
     0 | D:1      | 0 ||| PLANNING D:1-11
   125 | D:1      | Reached XP level 2. HP: 16/16 MP: 4/4
   127 | D:1      | Reached skill level 6 in Ranged Weapons
   424 | D:1      | Reached XP level 3. HP: 20/20 MP: 5/5
   429 | D:1      | 429 ||| UPGRADING to +0 ring mail.
   439 | D:1      | 439 ||| DROPPING +0 leather armour.
   440 | D:1      | 440 ||| READING scroll labelled ITHUNO BO HOZICH.
   440 | D:1      | 440 ||| ENCHANTING +0 shortbow.
   441 | D:1      | 441 ||| READING scroll labelled GAUVVE FEJEGAMM.
   542 | D:1      | 542 ||| DRINKING 2 clear potions.
   543 | D:1      | 543 ||| DRINKING 2 grey potions.
   544 | D:1      | 544 ||| DROPPING scroll of butterflies.
   545 | D:1      | 545 ||| DROPPING potion of brilliance.
   546 | D:1      | 546 ||| DROPPING potion of degeneration.
   567 | D:2      | Noticed Jessica
   569 | D:2      | Killed Jessica
   570 | D:2      | Reached skill level 7 in Ranged Weapons
   749 | D:2      | Reached XP level 4. HP: 25/25 MP: 6/6
   935 | D:2      | Found a faded altar of an unknown god.
  1097 | D:2      | 1097 ||| READING 2 scrolls labelled ETSOAG TARGH.
  1098 | D:2      | 1098 ||| READING scroll labelled RIRODE IFUM.
  1098 | D:2      | Identified a scroll of acquirement
  1098 | D:2      | 1098 ||| ACQUIRING +1 heavy arbalest
  1098 | D:2      | Acquired a +1 heavy arbalest
  1100 | D:2      | 1100 ||| SWAPPING to +1 heavy arbalest.
  1101 | D:2      | 1101 ||| DROPPING +1 shortbow.
  1102 | D:2      | 1102 ||| READING 2 scrolls labelled NEUMMEDYAFE.
  1102 | D:2      | 1102 ||| IDENTIFYING bubbling sapphire potion
  1103 | D:2      | 1103 ||| READING scroll of identify.
  1103 | D:2      | 1103 ||| IDENTIFYING cyan potion
  1104 | D:2      | 1104 ||| READING scroll labelled CEHYLOT EHANK.
  1105 | D:2      | 1105 ||| DRINKING 2 golden potions.
  1106 | D:2      | 1106 ||| DRINKING 2 lumpy golden potions.
  1107 | D:2      | 1107 ||| DROPPING scroll of immolation.
  1201 | D:3      | HP: 6/25 [kobold/+0 short sword (3)]
  1351 | D:3      | Noticed Natasha
  1352 | D:3      | Killed Natasha
  1353 | D:3      | Reached skill level 8 in Ranged Weapons
  1356 | D:3      | Noticed Natasha
  1360 | D:3      | HP: 5/25 [Natasha (3)]
  1362 | D:3      | Killed Natasha
  1363 | D:3      | Reached XP level 5. HP: 8/29 MP: 7/7
  1678 | D:3      | Noticed Natasha
  1680 | D:3      | 1680 ||| FLEEEEING.
  1681 | D:3      | 1681 ||| FLEEEEING.
  1682 | D:3      | 1682 ||| FLEEEEING.
  1683 | D:3      | 1683 ||| FLEEEEING.
  1684 | D:3      | 1684 ||| FLEEEEING.
  1685 | D:3      | 1685 ||| FLEEEEING.
  1686 | D:3      | 1686 ||| FLEEEEING.
  1693 | D:3      | Killed Natasha
  1936 | D:3      | 1936 ||| UPGRADING to ring of resist corrosion.
  1937 | D:3      | 1937 ||| UPGRADING to ring of see invisible.
  1938 | D:3      | 1938 ||| READING scroll of identify.
  1938 | D:3      | 1938 ||| IDENTIFYING murky coppery potion
  1939 | D:3      | 1939 ||| READING scroll labelled CIEMET IBRYUSAYC.
  1940 | D:3      | 1940 ||| READING scroll labelled RICWUKL GUDENI.
  1941 | D:3      | 1941 ||| READING scroll labelled LECUP UMUBBEON.
  1964 | D:4      | Noticed Menkaure
  1965 | D:4      | 1965 ||| DRINKING potion of haste.
  1967 | D:4      | Killed Menkaure
  1968 | D:4      | Reached skill level 9 in Ranged Weapons
  1968 | D:4      | Reached XP level 6. HP: 34/34 MP: 8/8
  2005 | D:4      | 2005 ||| FLEEEEING.
  2006 | D:4      | 2006 ||| FLEEEEING.
  2007 | D:4      | 2007 ||| FLEEEEING.
  2008 | D:4      | 2008 ||| FLEEEEING.
  2009 | D:4      | 2009 ||| FLEEEEING.
  2015 | D:4      | 2015 ||| STAIRDANCE
  2096 | D:4      | Reached skill level 10 in Ranged Weapons
  2298 | D:4      | Reached skill level 3 in Dodging
  2322 | D:4      | Found a transporter.
  2332 | D:4      | Noticed qw's ghost (amateur DEHu)
  2347 | D:4      | Found a transporter.
  2583 | D:4      | Reached XP level 7. HP: 40/40 MP: 9/9
  2585 | D:4      | Reached skill level 11 in Ranged Weapons
  2597 | D:4      | 2597 ||| FLEEEEING.
  2670 | D:4      | Noticed Dowan
  2671 | D:4      | Noticed Duvessa
  2675 | D:4      | Killed Dowan
  2687 | D:4      | Killed Duvessa
  2690 | D:4      | Reached skill level 12 in Ranged Weapons
  2706 | D:4      | Found a snail-covered altar of Cheibriados.
  2748 | D:4      | 2748 ||| DROPPING +6 ring of intelligence.
  2785 | D:5      | Entered Level 5 of the Dungeon
  2837 | D:5      | Noticed a wyvern
  2842 | D:5      | Killed a wyvern
  2964 | D:5      | Reached XP level 8. HP: 45/45 MP: 10/10
  3140 | D:5      | Found a staircase to the Ecumenical Temple.
  3141 | D:5      | 3141 ||| PLANNING TEMPLE
  3146 | D:5      | Reached skill level 3 in Fighting
  3150 | Temple   | Entered the Ecumenical Temple
  3151 | Temple   | 3151 ||| PLANNING OKAWARU WORSHIP
  3167 | Temple   | Became a worshipper of Warmaster Okawaru
  3168 | Temple   | 3168 ||| PLANNING D:1-11
  3206 | D:5      | Noticed Ijyb
  3207 | D:5      | Killed Ijyb
  3209 | D:5      | You fall into a shaft and drop 3 floors!
  3285 | D:7      | 3285 ||| Stepping ~*~*~tactically~*~*~ (cloud).
  3408 | D:7      | 3408 ||| READING scroll of identify.
  3408 | D:7      | 3408 ||| IDENTIFYING fizzy emerald potion
  3409 | D:7      | 3409 ||| DROPPING potion of berserk rage.
  3420 | D:6      | 3420 ||| RETREEEEATING.
  3421 | D:6      | 3421 ||| RETREEEEATING.
  3423 | D:6      | HP: 10/46 [gnoll/+0 whip[a gnoll bouda] (6)]
  3424 | D:6      | HP: 3/46 [gnoll/+0 whip[a gnoll bouda] (8)]
  3425 | D:6      | Slain by a gnoll

Levels and vault maps discovered:
D:1:      psy_arrival_statuary, layout_rooms
D:2:      layout_rooms, ebering_ecumenical_altar_sacrificial,
          chequers_serial_rivers_room_a, uniq_jessica
D:3:      layout_loops_ring, st_stairs_13, kennysheep_crisscross, uniq_natasha
D:4:      layout_loops_ring, mainiacjoe_overflow_catwalk,
          gammafunk_ghost_stat_death, uniq_menkaure, uniq_duvessa
D:5:      layout_gridville, minmay_temple_entry_glass, uniq_ijyb
D:6:      layout_loops_corners, nicolae_overflow_hallway_of_the_gods,
          uniq_grinder, uniq_jeremiah
D:7:      layout_cave_pools, gammafunk_ghost_hive, due_unseen_surprise
D:8:      layout_gridville, corner_web_ring
Temple:   jpeg_temple_clearing

Skill      XL: |  1  2  3  4  5  6  7  8 |
---------------+-------------------------+-----
Ranged Weapons | 6 7 8 9 10 12 | 12.8
Fighting       | 2 3 |  3.0
Dodging        | 3 4 |  4.1
Armour         | 2 |  2.1
Stealth        | |  1.2

Action                     |  1- 3 |  4- 6 |  7- 9 || total
---------------------------+-------+-------+-------++-------
   Fire: Shortbow          |    87 |    28 |       ||   115
         Arbalest          |       |    83 |    45 ||   128
    Use: Scroll            |     2 |     9 |     1 ||    12
         Potion            |     2 |     3 |       ||     5
 Armour: Leather armour    |     7 |       |       ||     7
         Ring mail         |     1 |    48 |    28 ||    77
  Dodge: Dodged            |    14 |    46 |    26 ||    86

Table legend:
 A = Non-vault XP
 B = Vault XP
 C = Vault XP percentage of total XP
 D = Non-vault monster count
 E = Vault monster count
 F = Vault count percentage of total count
                 A         B        C        D         E       F
            +---------+---------+-------+---------+---------+-------
      Total |    1552 |     493 |  24.1 |     106 |       7 |   6.2
            +---------+---------+-------+---------+---------+-------
        D:1 |      41 |       0 |   0.0 |      23 |       0 |   0.0
        D:2 |      55 |      37 |  40.2 |      26 |       1 |   3.7
        D:3 |      96 |      39 |  28.9 |      16 |       2 |  11.1
        D:4 |     546 |     381 |  41.1 |      27 |       3 |  10.0
        D:5 |     396 |      36 |   8.3 |       5 |       1 |  16.7
        D:7 |     418 |       0 |   0.0 |       9 |       0 |   0.0
            +---------+---------+-------+---------+---------+-------
